EVO
UNIVERSITY OF NORTH CAROLINA AT CHAPEL HILL TAR HEELS @ FRESNO STATE UNIVERSITY BULLDOGS
11/19/2048
 
TOP OF THE 1ST
University of Toronto Marlies batting - Pitching for University of Arizona Wildcats : LHP Gilg Martin
Pitching: LHP Gilg Martin
Batting: SHB Jose Melendez 0-0: Swinging Strike
0-1: Ball
1-1: Ball
2-1: SINGLE (Flyball, 9LS, EV 97.5 MPH)
Batting: RHB Akichika Yamano 0-0: Called Strike
0-1: Ball
1-1: Called Strike
Jose Melendez steals 2nd base
1-2: Strikes out swinging
Batting: RHB Logan Johnson 0-0: Called Strike
0-1: Ball
1-1: Foul Ball, location: 2F
1-2: Ball
2-2: Strikes out looking
Batting: RHB Frank Pena 0-0: Called Strike
0-1: Ball
1-1: Foul Ball, location: 2F
1-2: Ball
2-2: Ground out U3 (Groundball, 3, EV 88.8 MPH)
Top of the 1st over - 0 runs, 1 hit, 0 errors, 1 left on base; University of Toronto 0 - University of Arizona 0
BOTTOM OF THE 1ST
University of Arizona Wildcats batting - Pitching for University of Toronto Marlies : RHP Matt Lane
Pitching: RHP Matt Lane
Batting: RHB Ron Dondale 0-0: Ground out 1-3 (Groundball, 13S, EV 63.8 MPH)
Batting: RHB Teddy Bonaddio 0-0: Foul Ball, location: 2F
0-1: Ball
1-1: Swinging Strike
1-2: Fly out, F6 (Popup, 6MS, EV 77.5 MPH)
Batting: RHB C.J. Wells 0-0: Foul Ball, location: 2F
0-1: Fly out, F7 (Flyball, 7LD, EV 96.2 MPH)
Bottom of the 1st over - 0 runs, 0 hits, 0 errors, 0 left on base; University of Toronto 0 - University of Arizona 0
TOP OF THE 2ND
University of Toronto Marlies batting - Pitching for University of Arizona Wildcats : LHP Gilg Martin
Batting: SHB Ed Thorpe Jr. 0-0: Ball
1-0: Swinging Strike
1-1: Foul Ball, location: 2F
1-2: Strikes out swinging
Batting: LHB Efrem Isaev 0-0: Called Strike
0-1: Ball
1-1: Ground out 4-3 (Groundball, 4, EV 84.4 MPH)
Batting: RHB Jeff McClellan 0-0: Ball
1-0: Called Strike
1-1: Ground out 6-3 (Groundball, 6D, EV 95.0 MPH)
Top of the 2nd over - 0 runs, 0 hits, 0 errors, 0 left on base; University of Toronto 0 - University of Arizona 0
BOTTOM OF THE 2ND
University of Arizona Wildcats batting - Pitching for University of Toronto Marlies : RHP Matt Lane
Batting: LHB Gary Corrales 0-0: Swinging Strike
0-1: SOLO HOME RUN (Flyball, 9D, EV 101.9 MPH), Distance : 392 ft
Batting: RHB Eddy Amaya 0-0: Ball
1-0: Ball
2-0: Foul Ball, location: 2F
2-1: Ground out 6-3 (Groundball, 6, EV 88.8 MPH)
Batting: LHB Andrew Davis 0-0: Called Strike
0-1: Foul Ball, location: 2F
0-2: Ball
1-2: Ball
2-2: Ball
3-2: Fly out, F8 (Flyball, 8LD, EV 90.6 MPH)
Batting: RHB Alejandro de Jesus 0-0: DOUBLE (Flyball, 9D, EV 85.0 MPH)
Batting: RHB Larry Harlow 0-0: Ball
Wild Pitch!
Alejandro de Jesus to third
1-0: Ball
2-0: Called Strike
2-1: Ball
3-1: Foul Ball, location: 2F
3-2: Foul Ball, location: 2F
3-2: Strikes out swinging
Bottom of the 2nd over - 1 run, 2 hits, 0 errors, 1 left on base; University of Toronto 0 - University of Arizona 1
TOP OF THE 3RD
University of Toronto Marlies batting - Pitching for University of Arizona Wildcats : LHP Gilg Martin
Batting: SHB Shannon Britten 0-0: Called Strike
0-1: Swinging Strike
0-2: Ball
1-2: Strikes out swinging
Batting: LHB Tony Cisneros 0-0: Foul Ball, location: 2F
0-1: Foul Ball, location: 2F
0-2: Foul Ball, location: 2F
0-2: Ground out 3-1 (Groundball, 34S, EV 82.5 MPH)
Batting: SHB Jose Melendez 0-0: Ball
1-0: Foul Ball, location: 2F
1-1: Swinging Strike
1-2: Strikes out looking
Top of the 3rd over - 0 runs, 0 hits, 0 errors, 0 left on base; University of Toronto 0 - University of Arizona 1
BOTTOM OF THE 3RD
University of Arizona Wildcats batting - Pitching for University of Toronto Marlies : RHP Matt Lane
Batting: RHB Josh Carpenter 0-0: Fly out, F7 (Flyball, 78M, EV 85.6 MPH)
Batting: RHB Ron Dondale 0-0: Ball
1-0: Foul Ball, location: 2F
1-1: Ball
2-1: Ground out 6-3 (Groundball, 6, EV 88.1 MPH)
Batting: RHB Teddy Bonaddio 0-0: Ball
1-0: Fly out, F8 (Flyball, 8LD, EV 99.4 MPH)
Bottom of the 3rd over - 0 runs, 0 hits, 0 errors, 0 left on base; University of Toronto 0 - University of Arizona 1
TOP OF THE 4TH
University of Toronto Marlies batting - Pitching for University of Arizona Wildcats : LHP Gilg Martin
Batting: RHB Akichika Yamano 0-0: Ball
1-0: Ball
2-0: Foul Ball, location: 2F
2-1: Foul Ball, location: 2F
2-2: Ball
3-2: SINGLE (Line Drive, 9S, EV 94.4 MPH)
Batting: RHB Logan Johnson 0-0: Foul Ball, location: 2F
0-1: Ball
1-1: Ball
Pickoff Throw by Catcher to First - Out!
2-1: Foul Ball, location: 2F
2-2: Foul Ball, location: 2F
2-2: Ball
3-2: SOLO HOME RUN (Line Drive, 78XD, EV 103.1 MPH), Distance : 409 ft
Batting: RHB Frank Pena 0-0: Ball
1-0: Called Strike
1-1: Ground out U3 (Groundball, 34, EV 107.5 MPH)
Batting: SHB Ed Thorpe Jr. 0-0: Ball
1-0: Ball
2-0: Ground out 5-3 (Groundball, 5, EV 78.8 MPH)
Top of the 4th over - 1 run, 2 hits, 0 errors, 0 left on base; University of Toronto 1 - University of Arizona 1
BOTTOM OF THE 4TH
University of Arizona Wildcats batting - Pitching for University of Toronto Marlies : RHP Matt Lane
Batting: RHB C.J. Wells 0-0: SINGLE (Line Drive, 34, EV 100.6 MPH)
Batting: LHB Gary Corrales 0-0: Ball
1-0: Called Strike
1-1: Ball
2-1: Called Strike
2-2: Ball
3-2: Grounds into double play, 3-6-3 (Groundball, 34, EV 78.1 MPH)
Batting: RHB Eddy Amaya 0-0: Foul Ball, location: 2F
0-1: Foul Ball, location: 2F
0-2: Ball
1-2: Fly out, F8 (Flyball, 8RXD, EV 88.1 MPH)
Bottom of the 4th over - 0 runs, 1 hit, 0 errors, 0 left on base; University of Toronto 1 - University of Arizona 1
TOP OF THE 5TH
University of Toronto Marlies batting - Pitching for University of Arizona Wildcats : LHP Gilg Martin
Batting: LHB Efrem Isaev 0-0: DOUBLE (Line Drive, 8RXD, EV 103.8 MPH)
Batting: RHB Jeff McClellan 0-0: Called Strike
0-1: Called Strike
0-2: Ball
1-2: Ball
2-2: Strikes out swinging
Batting: SHB Shannon Britten 0-0: Fly out, F9 (Flyball, 89M, EV 90.0 MPH)
Batting: LHB Tony Cisneros 0-0: Ball
1-0: Called Strike
1-1: Ball
2-1: SINGLE (Groundball, 34D, EV 103.1 MPH)
Efrem Isaev to third
Runner from 3rd tries for Home, SAFE, throw by RF to home
Batting: SHB Jose Melendez 0-0: Called Strike
0-1: Reached on error, E4 (Groundball, 4, EV 84.4 MPH)
Tony Cisneros to second
Batting: RHB Akichika Yamano 0-0: Foul Ball, location: 2F
0-1: Foul Ball, location: 2F
0-2: Ball
1-2: Ball
2-2: Ball
3-2: 3-RUN HOME RUN (Flyball, 7LD, EV 96.2 MPH), Distance : 354 ft
Batting: RHB Logan Johnson 0-0: Foul Ball, location: 2F
0-1: Foul Ball, location: 2F
0-2: Ball
1-2: Fly out, F8 (Flyball, 89D, EV 76.9 MPH)
Top of the 5th over - 4 runs, 3 hits, 1 error, 0 left on base; University of Toronto 5 - University of Arizona 1
BOTTOM OF THE 5TH
University of Arizona Wildcats batting - Pitching for University of Toronto Marlies : RHP Matt Lane
Batting: LHB Andrew Davis 0-0: Ball
1-0: Foul Ball, location: 2F
1-1: Ball
2-1: Called Strike
2-2: Ball
3-2: Foul Ball, location: 2F
3-2: Foul Ball, location: 2F
3-2: Strikes out swinging
Batting: RHB Alejandro de Jesus 0-0: SINGLE (Flyball, 4D, EV 90.0 MPH)
Batting: RHB Larry Harlow 0-0: Fielders Choice at 2nd, 6-4 (Groundball, 6, EV 100.6 MPH)
Batting: RHB Josh Carpenter 0-0: Hit by Pitch
Larry Harlow to second
Batting: RHB Ron Dondale 0-0: Called Strike
0-1: Called Strike
0-2: Ball
1-2: Ball
2-2: Ball
3-2: Ground out 6-3 (Groundball, 6, EV 106.2 MPH)
Bottom of the 5th over - 0 runs, 1 hit, 0 errors, 2 left on base; University of Toronto 5 - University of Arizona 1
TOP OF THE 6TH
University of Toronto Marlies batting - Pitching for University of Arizona Wildcats : LHP Gilg Martin
Pitching: RHP Andy Darnell
Batting: RHB Frank Pena 0-0: Swinging Strike
0-1: Swinging Strike
0-2: Foul Ball, location: 2F
0-2: Ball
1-2: Ball
2-2: Foul Ball, location: 2F
2-2: Reached on error, E6 (Groundball, 6S, EV 93.8 MPH)
Batting: SHB Ed Thorpe Jr. 0-0: Called Strike
0-1: Called Strike
0-2: Ball
1-2: Strikes out looking
Batting: LHB Efrem Isaev 0-0: Called Strike
0-1: Swinging Strike
0-2: Ball
1-2: Foul Ball, location: 2F
1-2: Fly out, F7 (Flyball, 78M, EV 73.8 MPH)
Batting: RHB Jeff McClellan 0-0: Ball
1-0: Foul Ball, location: 2F
1-1: Fly out, F9 (Flyball, 9, EV 86.2 MPH)
Top of the 6th over - 0 runs, 0 hits, 1 error, 1 left on base; University of Toronto 5 - University of Arizona 1
BOTTOM OF THE 6TH
University of Arizona Wildcats batting - Pitching for University of Toronto Marlies : RHP Matt Lane
Batting: RHB Teddy Bonaddio 0-0: Ball
1-0: Called Strike
1-1: Swinging Strike
1-2: DOUBLE (Groundball, 5L, EV 105.0 MPH)
Batting: RHB C.J. Wells 0-0: Swinging Strike
0-1: Ball
1-1: Foul Ball, location: 2F
1-2: Ball
2-2: Reached on error, E5 (Groundball, 56, EV 87.5 MPH)
Teddy Bonaddio to third
Batting: LHB Gary Corrales 0-0: Grounds into double play, 6-4-3 (Groundball, 6, EV 85.0 MPH)
Teddy Bonaddio scores
Batting: RHB Eddy Amaya 0-0: Ball
1-0: Foul Ball, location: 2F
1-1: Foul Ball, location: 2F
1-2: Ball
2-2: Ground out 5-3 (Groundball, 5, EV 100.0 MPH)
Bottom of the 6th over - 1 run, 1 hit, 1 error, 0 left on base; University of Toronto 5 - University of Arizona 2
TOP OF THE 7TH
University of Toronto Marlies batting - Pitching for University of Arizona Wildcats : RHP Andy Darnell
Pitching: RHP Jairo Picano
Batting: SHB Shannon Britten 0-0: Swinging Strike
0-1: Ball
1-1: Ball
2-1: Foul Ball, location: 2F
2-2: Foul Ball, location: 2F
2-2: Ball
3-2: Strikes out swinging
Batting: LHB Tony Cisneros 0-0: Ball
1-0: Foul Ball, location: 2F
1-1: Ball
2-1: Ground out 4-3 (Groundball, 4S, EV 83.1 MPH)
Batting: SHB Jose Melendez 0-0: Called Strike
0-1: Ball
1-1: Ball
2-1: Foul Ball, location: 2F
2-2: Ball
3-2: Strikes out swinging
Top of the 7th over - 0 runs, 0 hits, 0 errors, 0 left on base; University of Toronto 5 - University of Arizona 2
BOTTOM OF THE 7TH
University of Arizona Wildcats batting - Pitching for University of Toronto Marlies : RHP Matt Lane
Batting: LHB Andrew Davis 0-0: Reached on error, E5 (Groundball, 5S, EV 80.6 MPH)
Batting: RHB Alejandro de Jesus 0-0: Called Strike
0-1: Ball
1-1: Swinging Strike
1-2: Strikes out swinging
Batting: RHB Larry Harlow 0-0: Ball
1-0: Called Strike
1-1: Swinging Strike
1-2: Grounds into double play, 5-4-3 (Groundball, 25, EV 82.5 MPH)
Bottom of the 7th over - 0 runs, 0 hits, 1 error, 0 left on base; University of Toronto 5 - University of Arizona 2
TOP OF THE 8TH
University of Toronto Marlies batting - Pitching for University of Arizona Wildcats : RHP Jairo Picano
Pitching: LHP Armando Guzman
Batting: RHB Akichika Yamano 0-0: Ball
1-0: Foul Ball, location: 2F
1-1: SINGLE (Flyball, 78S, EV 91.9 MPH)
Batting: RHB Logan Johnson 0-0: Ball
1-0: Foul Ball, location: 2F
1-1: Ball
2-1: Foul Ball, location: 2F
2-2: Ball
3-2: Foul Ball, location: 2F
3-2: Foul Ball, location: 2F
3-2: SINGLE (Line Drive, 8RS, EV 95.0 MPH)
Akichika Yamano to second
Runner from 2nd tries for 3rd, SAFE, no throw by CF
Batting: RHB Frank Pena 0-0: Ball
Logan Johnson is caught stealing 2nd base 2-4
1-0: Swinging Strike
1-1: Ball
2-1: Foul Ball, location: 2F
2-2: Fly out, F9 (Flyball, 9S, EV 94.4 MPH)
Runner from 3rd tags up, SCORES, throw by RF
Batting: SHB Ed Thorpe Jr. 0-0: Called Strike
0-1: Ball
1-1: Ball
2-1: Foul Ball, location: 2F
2-2: Foul Ball, location: 2F
2-2: Ball
3-2: Base on Balls
Pitching: RHP Chris Galloway
Batting: LHB Efrem Isaev 0-0: Called Strike
0-1: Called Strike
0-2: Ball
1-2: Foul Ball, location: 2F
1-2: Ball
2-2: Strikes out looking
Top of the 8th over - 1 run, 2 hits, 0 errors, 1 left on base; University of Toronto 6 - University of Arizona 2
BOTTOM OF THE 8TH
University of Arizona Wildcats batting - Pitching for University of Toronto Marlies : RHP Matt Lane
Pitching: LHP Antoine Herndon
Batting: RHB Josh Carpenter 0-0: Called Strike
0-1: Ball
1-1: Foul Ball, location: 2F
1-2: Foul Ball, location: 2F
1-2: Foul Ball, location: 2F
1-2: Ball
2-2: Strikes out swinging
Batting: RHB Ron Dondale 0-0: Fly out, F8 (Flyball, 8RM, EV 84.4 MPH)
Batting: RHB Teddy Bonaddio 0-0: Called Strike
0-1: Foul Ball, location: 2F
0-2: Strikes out swinging
Bottom of the 8th over - 0 runs, 0 hits, 0 errors, 0 left on base; University of Toronto 6 - University of Arizona 2
TOP OF THE 9TH
University of Toronto Marlies batting - Pitching for University of Arizona Wildcats : RHP Chris Galloway
Batting: RHB Jeff McClellan 0-0: Foul Ball, location: 2F
0-1: Foul Ball, location: 2F
0-2: Fly out, F8 (Flyball, 8RM, EV 92.5 MPH)
Batting: SHB Shannon Britten 0-0: Swinging Strike
0-1: Ball
1-1: Fly out, F7 (Line Drive, 7S, EV 85.6 MPH)
Batting: LHB Tony Cisneros 0-0: Foul Ball, location: 2F
0-1: SOLO HOME RUN (Flyball, 9D, EV 93.1 MPH), Distance : 368 ft
Batting: SHB Jose Melendez 0-0: Ball
1-0: Called Strike
1-1: Ball
2-1: Reached on error, E2 (Groundball, 15S, EV 76.2 MPH)
Batting: RHB Akichika Yamano 0-0: Swinging Strike
0-1: Ball
1-1: Ball
2-1: Foul Ball, location: 2F
2-2: Ball
3-2: Ground out 5-3 (Groundball, 25, EV 91.2 MPH)
Top of the 9th over - 1 run, 1 hit, 1 error, 1 left on base; University of Toronto 7 - University of Arizona 2
BOTTOM OF THE 9TH
University of Arizona Wildcats batting - Pitching for University of Toronto Marlies : LHP Antoine Herndon
Batting: RHB C.J. Wells 0-0: Ball
1-0: Called Strike
1-1: Foul Ball, location: 2F
1-2: Ball
2-2: Ball
3-2: Foul Ball, location: 2F
3-2: Foul Ball, location: 2F
3-2: Fly out, F7 (Flyball, 78M, EV 88.8 MPH)
Pinch Hitting: LHB Pascal Noël 0-0: Called Strike
0-1: Called Strike
0-2: Ball
1-2: Ball
2-2: Ball
3-2: Foul Ball, location: 2F
3-2: Foul Ball, location: 2F
3-2: DOUBLE (Line Drive, 7LD, EV 106.9 MPH)
Batting: RHB Eddy Amaya 0-0: Foul Ball, location: 2F
0-1: Ball
1-1: Called Strike
1-2: Strikes out looking
Batting: LHB Andrew Davis 0-0: Ball
1-0: Ball
2-0: Foul Ball, location: 2F
2-1: Foul Ball, location: 2F
2-2: Foul Ball, location: 2F
2-2: Foul Ball, location: 2F
2-2: Foul Ball, location: 2F
2-2: Ball
Wild Pitch!
Pascal Noël to third
3-2: Fly out, F8 (Flyball, 8RXD, EV 102.5 MPH)
Bottom of the 9th over - 0 runs, 1 hit, 0 errors, 1 left on base; University of Toronto 7 - University of Arizona 2
Tuesday, March 28th , 2023 - OOTP Baseball 23.10 Build 110